[Event "Team 45 45 League T60"]
[Site "Internet Chess Club"]
[Date "2014.03.22"]
[Round "4"]
[White "Conjurer"]
[Black "GideonL"]
[Result "0-1"]
[WhiteElo "1166"]
[BlackElo "1407"]
[Opening "Torre attack (Tartakower variation)"]
[ECO "D03"]
[Time "15:09:46"]
[TimeControl "2700+45"]

1. d4 d5 2. Nf3 Nf6 3. Bg5 Bf5 4. Bxf6 exf6 5. Nbd2 Bd6 6. Nh4 Be6 7. g3 O-O 8.
Bg2 Nd7 9. c4 dxc4 10. Bxb7 Rb8 11. Ba6 Rxb2 12. Qc1 Ba3 13. Nxc4 Bb4+ 14. Nd2
Bxd2+ 15. Qxd2 Rxd2 16. Kxd2 c5 17. Rac1 Nb6 18. Rxc5 Qxd4+ {White resigns} 0-1

[Event "Team 45 45 League T60"]
[Site "Internet Chess Club"]
[Date "2014.03.22"]
[Round "4"]
[White "Toalla"]
[Black "AtomicDog"]
[Result "0-1"]
[WhiteElo "1253"]
[BlackElo "1563"]
[Opening "Sicilian: Najdorf"]
[ECO "B90"]
[Time "12:01:15"]
[TimeControl "2700+45"]

1. e4 c5 2. Nf3 d6 3. d4 cxd4 4. Nxd4 Nf6 5. Nc3 a6 6. Bd3 e6 7. O-O Be7 8. Re1
O-O 9. Bg5 b5 10. a3 Bb7 11. Nf3 Qc7 12. Qd2 Nbd7 13. b4 Rfc8 14. Nd1 Ne5 15.
Nxe5 dxe5 16. Ne3 Nxe4 17. Bxe4 Bxg5 18. Bxb7 Qxb7 19. Rac1 Rd8 20. Qe2 Rac8 21.
g3 Rc3 22. h4 Bxe3 23. fxe3 Qe4 24. Kf2 Rdc8 25. Qf3 Rxc2+ 26. Rxc2 Qxc2+ 27.
Re2 Qc6 28. e4 Qc3 29. Re3 Qd4 30. Qe2 Rc3 31. Kf3 Qxe3+ 32. Qxe3 Rxe3+ 33. Kxe3
f5 34. h5 Kf7 35. Kf3 Kf6 36. g4 Kg5 37. exf5 exf5 38. gxf5 Kxf5 39. Ke3 g5 40.
h6 g4 41. Kf2 Kf4 42. Kf1 Kf3 {White resigns} 0-1

[Event "Team 45 45 League T60"]
[Site "Internet Chess Club"]
[Date "2014.03.24"]
[Round "4"]
[White "Mitochondria"]
[Black "dknight"]
[Result "1-0"]
[WhiteElo "1482"]
[BlackElo "1299"]
[Opening "King's Indian: 6.Be2"]
[ECO "E91"]
[Time "20:02:00"]
[TimeControl "2700+45"]

1. d4 Nf6 2. c4 g6 3. Nc3 Bg7 4. e4 d6 5. Nf3 O-O 6. Be2 Nbd7 7. O-O Re8 8. h3
e5 9. d5 b6 10. Be3 Nc5 11. Qc2 Bb7 12. b4 Ncd7 13. Rfb1 c6 14. dxc6 Bxc6 15.
Nd5 Rc8 16. Qd3 Nxd5 17. cxd5 Bb7 18. Qd2 Nf6 19. Bg5 Qd7 20. Bxf6 Bxf6 21. Rc1
Bg7 22. Rxc8 Rxc8 23. Rc1 Rxc1+ 24. Qxc1 h6 25. b5 Kh7 26. Ne1 Bf6 27. Qc4 g5
28. g4 h5 29. Nd3 Bg7 30. Nb4 Bc8 31. Nc6 Qc7 32. Qa4 hxg4 33. hxg4 Bd7 34. Qxa7
Qxa7 35. Nxa7 Bf6 36. Nc6 Kg8 37. Kf1 Kf8 38. Ke1 Ke8 39. Nb4 Kd8 40. Nc2 Kc7
41. Kd2 Kd8 42. Kc3 Kc7 43. Kb4 Kc8 44. Ne3 Bg7 45. a4 Kb7 46. Nc4 Kc7 47. a5
bxa5+ 48. Nxa5 Kb6 49. Nc4+ Kc7 50. b6+ Kb7 51. Ka5 Bf8 52. f3 f6 53. Bd1 Be7
54. Ba4 Bxa4 55. Kxa4 Ka6 56. Kb4 Bf8 57. b7 Kxb7 58. Na5+ Kb6 59. Nc6 Kc7 60.
Kb5 Kd7 61. Kb6 Kc8 62. Na5 Be7 63. Nc4 Bd8+ 64. Kc6 Be7 65. Nxd6+ Kd8 66. Nf5
Bf8 67. d6 Ke8 68. Kc7 Bxd6+ 69. Kxd6 Kf7 70. Kd7 Kf8 71. Ke6 Kg8 72. Kxf6 Kf8
73. Kxe5 Kf7 74. Kd6 Kf8 75. Kd7 Kf7 76. e5 Kf8 77. e6 Kg8 78. e7 Kf7 79. e8=Q+
Kf6 80. Qe6# {Black checkmated} 1-0

[Event "Team 45 45 League T60"]
[Site "Internet Chess Club"]
[Date "2014.03.23"]
[Round "4"]
[White "Elton2013"]
[Black "Zyme"]
[Result "1-0"]
[WhiteElo "1410"]
[BlackElo "1364"]
[Opening "French: advance, Euwe variation"]
[ECO "C02"]
[Time "19:07:02"]
[TimeControl "2700+45"]

1. e4 e6 2. d4 d5 3. e5 c5 4. c3 Nc6 5. Nf3 Bd7 6. Be2 Nge7 7. O-O Ng6 8. Nbd2
Be7 9. Re1 f6 10. Bb5 fxe5 11. Bxc6 bxc6 12. Nxe5 Nxe5 13. dxe5 c4 14. Qh5+ Kf8
15. Nf3 Be8 16. Qg4 Qd7 17. Nd4 Kf7 18. Re3 c5 19. Rf3+ Kg8 20. Nxe6 Bf7 21.
Qxg7# {Black checkmated} 1-0

[Event "Team 45 45 League T60"]
[Site "Internet Chess Club"]
[Date "2014.03.23"]
[Round "4"]
[White "chesschessboy"]
[Black "artspir"]
[Result "1-0"]
[WhiteElo "1395"]
[BlackElo "1267"]
[Opening "Caro-Kann defense"]
[ECO "B15"]
[Time "14:30:31"]
[TimeControl "2700+45"]

1. e4 c6 2. d4 d5 3. Nc3 Nf6 4. e5 Ne4 5. Nxe4 dxe4 6. c3 Bf5 7. Bc4 e6 8. h4
Nd7 9. g4 Nb6 10. Bb3 Bg6 11. h5 h6 12. hxg6 fxg6 13. Bxe6 Nd5 14. Bxd5 cxd5 15.
Be3 Qd7 16. Qe2 O-O-O 17. O-O-O Qa4 18. Kb1 Kb8 19. Qc2 Qd7 20. f3 Be7 21. fxe4
Qxg4 22. exd5 Rxd5 23. Ne2 Rc8 24. Rhg1 Qe6 25. Nf4 Qd7 26. Nxd5 Qxd5 27. Rxg6
Qf3 28. Qd3 h5 29. Bg5 Qxd3+ 30. Rxd3 Bf8 31. Re3 Rc4 32. e6 Rc6 33. e7 Bxe7 34.
Rxc6 bxc6 35. Rxe7 g6 36. c4 a5 37. d5 cxd5 38. cxd5 Kc8 39. d6 {Black resigns}
1-0

[Event "Team 45 45 League T60"]
[Site "Internet Chess Club"]
[Date "2014.03.24"]
[Round "4"]
[White "rodeo"]
[Black "Littlemon"]
[Result "0-1"]
[WhiteElo "1450"]
[BlackElo "1482"]
[Opening "Scotch: Göring gambit"]
[ECO "C44"]
[Time "10:00:20"]
[TimeControl "2700+45"]

1. e4 e5 2. d4 exd4 3. Nf3 Nc6 4. c3 dxc3 5. Nxc3 d5 6. exd5 Nce7 7. Bc4 Nf6 8.
Bg5 Ng6 9. O-O Be7 10. Bxf6 Bxf6 11. Qa4+ Bd7 12. Bb5 a6 13. Rfe1+ Be7 14. Bxd7+
Qxd7 15. Qe4 O-O 16. Rac1 Rfe8 17. Qc4 Rac8 18. Ne4 Bd6 19. Nc5 Bxc5 20. Qxc5
Rxe1+ 21. Rxe1 Nf4 22. Rd1 Rd8 23. Qa7 Qb5 24. d6 cxd6 25. Rxd6 Rc8 26. h3 Qxb2
27. Qe3 Qc1+ 28. Qxc1 Rxc1+ 29. Kh2 Rc8 30. Rd7 Rb8 31. Ne5 f6 32. Nf7 Ng6 33.
Kg3 Kf8 34. Nd6 b6 35. Nf5 a5 36. Rxg7 b5 37. Kf3 a4 38. Ra7 Ne5+ 39. Ke3 Nc6
40. Rc7 Nb4 41. Kd2 Nxa2 42. Ra7 b4 43. Kc2 b3+ 44. Kb2 Nc3 45. Ne3 Kg8 46. Nc4
Nd1+ 47. Kb1 Rb4 48. Nb2 Nxf2 49. Nxa4 Nd1 50. Rd7 Ne3 51. Nc5 Nxg2 52. Nd3 Rb6
53. Kb2 Ne3 54. Rc7 Nd1+ 55. Kb1 b2 56. Rc2 Kg7 57. Nxb2 Nxb2 58. Rxb2 Rxb2+ 59.
Kxb2 Kg6 60. Kc2 Kf5 61. Kd2 Kf4 62. Ke2 Kg3 {White resigns} 0-1

[Event "Team 45 45 League T60"]
[Site "Internet Chess Club"]
[Date "2014.03.23"]
[Round "4"]
[White "Nxs123"]
[Black "JeffH"]
[Result "1/2-1/2"]
[WhiteElo "1616"]
[BlackElo "1623"]
[Opening "Pirc: classical (two knights) system"]
[ECO "B08"]
[Time "13:00:49"]
[TimeControl "2700+45"]

1. e4 d6 2. d4 Nf6 3. Nc3 g6 4. Nf3 Bg7 5. Bc4 O-O 6. O-O Nxe4 7. Nxe4 d5 8.
Bxd5 Qxd5 9. Re1 Bg4 10. c3 Nc6 11. h3 Bf5 12. Ng3 Bd7 13. Bf4 Rac8 14. Qd2 Rfe8
15. Ne5 Nxe5 16. Bxe5 f6 17. Bf4 Bc6 18. f3 e5 19. dxe5 Qxd2 20. Bxd2 Rxe5 21.
Rxe5 fxe5 22. Re1 Rd8 23. Be3 a6 24. Kf2 Kf7 25. Ke2 Bb5+ 26. Kf2 a5 27. Ne4 h6
28. Rc1 b6 29. Ke1 Bc6 30. Rd1 Rxd1+ 31. Kxd1 g5 32. Kd2 Ke6 33. Kd3 {Game drawn
by mutual agreement} 1/2-1/2

[Event "Team 45 45 League T60"]
[Site "Internet Chess Club"]
[Date "2014.03.20"]
[Round "4"]
[White "Chess4Him"]
[Black "ethan0627"]
[Result "1/2-1/2"]
[WhiteElo "1465"]
[BlackElo "1394"]
[Opening "Queen's pawn game"]
[ECO "D02"]
[Time "16:00:42"]
[TimeControl "2700+45"]

1. d4 d5 2. Nf3 e6 3. Bf4 Nf6 4. e3 c5 5. c3 Nc6 6. Nbd2 Be7 7. Bd3 O-O 8. O-O
b6 9. h3 Bb7 10. Ne5 Bd6 11. Ndf3 Ne4 12. Nxc6 Bxc6 13. Ne5 Bb7 14. Qg4 f6 15.
Qxe6+ Kh8 16. Nf7+ Rxf7 17. Qxf7 Qe7 18. Qxe7 Bxe7 19. Rac1 c4 20. Bc2 Rd8 21.
Rfe1 g5 22. Bc7 Rc8 23. Bh2 b5 24. f3 Nd6 25. e4 Re8 26. e5 fxe5 27. Bxe5+ Kg8
28. Bxd6 Bxd6 29. Re7 Rxe7 {Game drawn by mutual agreement} 1/2-1/2

[Event "Team 45 45 League T60"]
[Site "Internet Chess Club"]
[Date "2014.03.23"]
[Round "4"]
[White "MasterD"]
[Black "RobertBuice"]
[Result "1-0"]
[WhiteElo "1277"]
[BlackElo "1065"]
[Opening "Bishop's opening: Berlin defense"]
[ECO "C24"]
[Time "16:11:39"]
[TimeControl "2700+45"]

1. e4 e5 2. Bc4 Nf6 3. d3 Bb4+ 4. Bd2 Nc6 5. Bxb4 Nxb4 6. a3 Nc6 7. Nc3 O-O 8.
Nf3 h6 9. O-O d6 10. h3 Qe7 11. g4 Be6 12. Bxe6 Qxe6 13. Qd2 Nd4 14. Nxd4 exd4
15. Ne2 c5 16. f4 g6 17. Rae1 Nxe4 18. dxe4 f5 19. exf5 gxf5 20. Ng3 Qg6 21. Qe2
d5 22. Qe6+ Qxe6 23. Rxe6 Rae8 24. Rxh6 fxg4 25. hxg4 Re3 26. Nf5 Rxf5 27. gxf5
Rg3+ 28. Kf2 Rg4 29. Rg1 Kg7 30. Rd6 Rxg1 31. Kxg1 b6 32. Rxd5 Kf6 33. Kf2 Ke7
34. Kf3 Kf6 35. Ke4 Ke7 36. Ke5 a5 37. f6+ Kf7 38. f5 Kg8 39. Rd7 Kf8 40. Ke6
Ke8 41. Rb7 Kd8 42. f7 Kc8 43. Re7 Kd8 44. f8=Q# {Black checkmated} 1-0

[Event "Team 45 45 League T60"]
[Site "Internet Chess Club"]
[Date "2014.03.24"]
[Round "4"]
[White "Bible-Believer"]
[Black "Shaggy88"]
[Result "0-1"]
[WhiteElo "1555"]
[BlackElo "1652"]
[Opening "Bishop's opening: Berlin defense"]
[ECO "C24"]
[Time "20:30:19"]
[TimeControl "2700+45"]

1. e4 e5 2. Bc4 Nf6 3. d3 Nc6 4. Nc3 Bb4 5. Ne2 O-O 6. O-O d6 7. Bg5 h6 8. Bh4
Bxc3 9. Nxc3 Be6 10. Nd5 g5 11. Bg3 Bxd5 12. Bxd5 Nxd5 13. exd5 Ne7 14. c4 Nf5
15. Qg4 Qf6 16. Rae1 Qg6 17. f4 gxf4 18. Qxg6+ fxg6 19. Bf2 g5 20. g4 Ne7 21. d4
Ng6 22. dxe5 Nxe5 23. Bd4 Rfe8 24. Bxe5 Rxe5 25. Rxe5 dxe5 26. Re1 Re8 27. Re4
Kf7 28. Kf2 Kf6 29. Kf3 Rh8 30. Re2 h5 31. h3 hxg4+ 32. hxg4 Rh3+ 33. Ke4 Rg3
34. c5 Rxg4 35. d6 cxd6 36. Kf3 Rg3+ 37. Ke4 dxc5 38. Rd2 Re3+ 39. Kd5 b6 40.
Kc4 Re4+ 41. Kd5 Rd4+ {White resigns} 0-1

[Event "Team 45 45 League T60"]
[Site "Internet Chess Club"]
[Date "2014.03.24"]
[Round "4"]
[White "stanbeers"]
[Black "BotanicalKnight"]
[Result "1/2-1/2"]
[WhiteElo "1538"]
[BlackElo "1525"]
[Opening "Réti v Dutch"]
[ECO "A04"]
[Time "19:00:23"]
[TimeControl "2700+45"]

1. Nf3 f5 2. g3 Nf6 3. Bg2 e6 4. O-O d5 5. Nc3 Be7 6. d3 O-O 7. Rb1 c6 8. b4 a6
9. a4 d4 10. Na2 Qd5 11. c4 Qd8 12. Qc2 Nh5 13. c5 Nd7 14. Nxd4 Ne5 15. Nf3
Nxf3+ 16. Bxf3 Qe8 17. Bxh5 Qxh5 18. d4 g5 19. f4 gxf4 20. Bxf4 Bd7 21. Nc1 Be8
22. Nd3 Qh3 23. Nf2 Qh5 24. e4 Qg6 25. exf5 exf5 26. Qe2 Bf6 27. Be5 Bf7 28.
Bxf6 Qxf6 29. Qd2 Rad8 30. Rbd1 Bh5 31. Ne4 Qg6 32. Nd6 Bxd1 33. Qxd1 Rd7 34.
Qb3+ Kg7 35. Rf4 h5 36. Qc3 Rf6 37. Qd3 Rdxd6 38. cxd6 Rxd6 39. Rxf5 Rf6 40. Rf3
Qf7 41. Rxf6 Qxf6 42. Kg2 Qd6 43. Qc4 b5 44. axb5 axb5 45. Qc3 Qd5+ 46. Kg1 Kg6
47. Kf2 Qa2+ 48. Kg1 Qd5 49. Qe3 Kh7 50. Qe7+ Kg8 51. Qe3 Qf5 52. Qe8+ Kh7 53.
Qxc6 Qb1+ 54. Kg2 Qxb4 55. Qc5 Qd2+ 56. Kh3 Qe2 57. d5 Qg4+ 58. Kg2 Qe2+ 59. Kg1
Qe1+ 60. Kg2 Qe2+ {Game drawn by mutual agreement} 1/2-1/2

[Event "Team 45 45 League T60"]
[Site "Internet Chess Club"]
[Date "2014.03.23"]
[Round "4"]
[White "chesskix"]
[Black "oldprez"]
[Result "1-0"]
[WhiteElo "1360"]
[BlackElo "1408"]
[Opening "Pirc defense"]
[ECO "B07"]
[Time "13:02:06"]
[TimeControl "2700+45"]

1. e4 d6 2. d4 Nf6 3. Bd3 g6 4. Nf3 Bg7 5. O-O O-O 6. Bg5 Nbd7 7. Nbd2 c5 8. c3
cxd4 9. cxd4 h6 10. Bf4 b6 11. Rc1 Bb7 12. b3 Nh5 13. Be3 e5 14. d5 Nc5 15. Bb1
Ba6 16. Re1 Nd3 17. Bxd3 Bxd3 18. Rc3 Ba6 19. Nc4 Nf6 20. Bd2 b5 21. Nb2 Bb7 22.
Qc1 Nxe4 23. Rxe4 Bxd5 24. Rh4 e4 25. Ng5 f6 26. Nxe4 Bxe4 27. Bxh6 Qe7 28. Bxg7
Kxg7 29. Rc7 Rf7 30. Qh6+ {Black resigns} 1-0

[Event "Team 45 45 League T60"]
[Site "Internet Chess Club"]
[Date "2014.03.23"]
[Round "4"]
[White "Fogbound"]
[Black "kingsrook"]
[Result "0-1"]
[WhiteElo "1280"]
[BlackElo "1326"]
[Opening "Queen's bishop game"]
[ECO "D00"]
[Time "13:00:36"]
[TimeControl "2700+45"]

1. d4 d5 2. Bf4 Nf6 3. Nf3 c5 4. e3 Nc6 5. c3 e6 6. Be2 Bd6 7. Bg3 O-O 8. Nbd2
Qc7 9. Ne5 Nxe5 10. dxe5 Bxe5 11. Nf3 Bd6 12. Bd3 e5 13. Be2 e4 14. Ng5 h6 15.
Nh3 Bd7 16. Nf4 Bc6 17. Qb3 c4 18. Qd1 Rad8 19. Nh5 Nxh5 20. Bxh5 Qe7 21. Qd2
Qg5 22. Qe2 g6 23. Bg4 h5 24. h4 Qxg4 25. Qxg4 hxg4 26. O-O f5 27. h5 Bxg3 28.
fxg3 gxh5 29. Kf2 Rd6 30. Rh1 Rh6 31. Rh4 b5 32. b4 a6 33. a3 Kg7 34. Rf1 Kg6
35. Ke2 Rd8 36. Rd1 Rh7 37. Kf2 Rf8 38. Rf1 a5 39. Rhh1 Ra8 40. Ra1 axb4 41.
axb4 Rha7 42. Ra5 Rxa5 43. bxa5 Rxa5 44. Kg1 Ra1+ 45. Kh2 Rxh1+ 46. Kxh1 b4 47.
Kg1 b3 48. Kf1 b2 {White resigns} 0-1

[Event "Team 45 45 League T60"]
[Site "Internet Chess Club"]
[Date "2014.03.22"]
[Round "4"]
[White "SeniorCitizen"]
[Black "HorseRadish"]
[Result "0-1"]
[WhiteElo "1288"]
[BlackElo "1510"]
[Opening "Caro-Kann: exchange variation"]
[ECO "B13"]
[Time "06:00:40"]
[TimeControl "2700+45"]

1. e4 c6 2. d4 d5 3. exd5 cxd5 4. Nf3 Nc6 5. Be2 Bf5 6. a3 Qb6 7. c3 Nf6 8. O-O
e6 9. Nbd2 h6 10. Ne5 Bd6 11. Nxc6 bxc6 12. Nf3 Nd7 13. h3 O-O 14. b4 a6 15. Be3
Qc7 16. Bd3 Bxd3 17. Qxd3 e5 18. dxe5 Nxe5 19. Nxe5 Bxe5 20. Qd2 Qd6 21. f4 Bf6
22. Bc5 Qd7 23. Bxf8 Rxf8 24. Rf3 Rd8 25. Rd1 Bh4 26. Rd3 Bf6 27. g4 g5 28. fxg5
Bxg5 29. Qf2 Re8 30. Kg2 Qd8 31. c4 Bh4 32. Qf3 Qb6 33. cxd5 cxd5 34. R1d2 Re1
35. Rd4 Qc7 36. Rxd5 Qa7 37. R5d4 Bg5 38. Rd1 Re3 39. Qf2 Rxa3 40. Rd7 Qa8+ 41.
R1d5 Qe8 42. h4 Qe4+ 43. Kf1 Qh1+ 44. Qg1 Qh3+ 45. Qg2 Rf3+ {White resigns} 0-1

[Event "Team 45 45 League T60"]
[Site "Internet Chess Club"]
[Date "2014.03.23"]
[Round "4"]
[White "Arawn"]
[Black "medsurg"]
[Result "1-0"]
[WhiteElo "1226"]
[BlackElo "1308"]
[Opening "Philidor's defense"]
[ECO "C21"]
[Time "21:00:32"]
[TimeControl "2700+45"]

1. e4 e5 2. d4 d6 3. Nf3 Bg4 4. Be3 Nf6 5. h3 Bh5 6. Nc3 Bg6 7. dxe5 Nxe4 8.
exd6 Nxd6 9. Bd3 Nd7 10. Bxg6 hxg6 11. O-O Nf5 12. Re1 Be7 13. Qd5 c6 14. Qb3
Qc7 15. Bg5 Nf6 16. Bxf6 gxf6 17. Ne4 Kf8 18. Rad1 Rd8 19. Rxd8+ Bxd8 20. Qa3+
Kg7 21. Qxa7 Nh4 22. Nxh4 Rxh4 23. Qd4 Qe7 24. Kh2 Bc7+ 25. g3 Be5 26. Qc5 Qe6
27. Ng5 fxg5 28. Qxe5+ Qxe5 29. Rxe5 {Black resigns} 1-0

[Event "Team 45 45 League T60"]
[Site "Internet Chess Club"]
[Date "2014.03.24"]
[Round "4"]
[White "tcianciola"]
[Black "Berke"]
[Result "0-1"]
[WhiteElo "1183"]
[BlackElo "1416"]
[Opening "French: exchange variation"]
[ECO "C01"]
[Time "15:57:37"]
[TimeControl "2700+45"]

1. e4 e6 2. d4 d5 3. exd5 exd5 4. Nf3 Nf6 5. Bb5+ Bd7 6. Nc3 Be7 7. O-O O-O 8.
Re1 Bd6 9. Bg5 c6 10. Ba4 Bg4 11. h3 Bh5 12. Qd3 Nbd7 13. Ne5 Qc7 14. Nxd7 Nxd7
15. Qf5 Bg6 16. Qg4 f5 17. Qd1 Nf6 18. Re6 Ne4 19. f3 Nxg5 20. Re1 Bh2+ 21. Kh1
Bg3 22. Re3 Qd6 23. Qf1 Rae8 24. Rxe8 Rxe8 25. f4 Qxf4 26. Qxf4 Bxf4 27. Rf1 Bd2
28. Nd1 Ne4 29. c3 Ng3+ {White resigns} 0-1

[Event "Team 45 45 League T60"]
[Site "Internet Chess Club"]
[Date "2014.03.24"]
[Round "4"]
[White "WzeroMN"]
[Black "theartist"]
[Result "1/2-1/2"]
[WhiteElo "1132"]
[BlackElo "1146"]
[Opening "French: advance, Paulsen attack"]
[ECO "C02"]
[Time "13:27:28"]
[TimeControl "2700+45"]

1. e4 e6 2. d4 d5 3. e5 c5 4. c3 Nc6 5. Nf3 Qb6 6. Nbd2 cxd4 7. c4 dxc4 8. Nxc4
Bb4+ 9. Bd2 Bxd2+ 10. Qxd2 Qb4 11. Nd6+ Ke7 12. Qxb4 Nxb4 13. Nxd4 Nh6 14. Be2
f6 15. Nxc8+ Raxc8 16. exf6+ gxf6 17. O-O Rhd8 18. Rfd1 Nc2 19. Nxc2 Rxc2 20.
Rxd8 Kxd8 21. Rd1+ Ke7 22. Bd3 Rxb2 23. Rb1 Rxb1+ 24. Bxb1 {Game drawn by mutual
agreement} 1/2-1/2

[Event "Team 45 45 League T60"]
[Site "Internet Chess Club"]
[Date "2014.03.23"]
[Round "4"]
[White "fuzzface"]
[Black "semperfi"]
[Result "1/2-1/2"]
[WhiteElo "1360"]
[BlackElo "1385"]
[Opening "Queen's pawn: Torre attack"]
[ECO "A46"]
[Time "10:00:19"]
[TimeControl "2700+45"]

1. d4 Nf6 2. Nf3 e6 3. Bg5 d5 4. e3 c5 5. Bb5+ Bd7 6. Bxd7+ Nbxd7 7. O-O Qb6 8.
b3 Ne4 9. Bh4 cxd4 10. exd4 h6 11. Qd3 Bd6 12. Nbd2 Nxd2 13. Nxd2 Qc7 14. Bg3
Bxg3 15. fxg3 O-O 16. Rac1 Rfe8 17. c4 dxc4 18. Rxc4 Qb6 19. Kh1 Nf6 20. Ne4 Nd5
21. a3 f5 22. Nc5 Qc7 23. Nxe6 Qe7 24. Nf4 Nxf4 25. gxf4 Qe4 26. Qg3 Qe2 27. Kg1
Qe3+ 28. Qxe3 Rxe3 29. Rf3 Re4 30. Kf2 Rd8 31. g3 Rdxd4 32. Rxd4 Rxd4 33. Ke2
Kf7 34. Rd3 Rxd3 35. Kxd3 Ke6 36. Kd4 Kd6 37. a4 a5 38. Kc4 Kc6 39. b4 axb4 40.
Kxb4 b6 41. Kc4 g6 42. Kd4 Kd6 43. h3 h5 44. h4 Kc6 45. Kc4 Kb7 46. Kd5 Ka6 47.
Kc6 Ka5 48. Kc7 Kxa4 49. Kxb6 Kb4 50. Kc6 Kc4 51. Kd6 Kd4 52. Ke6 Ke4 53. Kf6
Kf3 54. Kxg6 Kxg3 55. Kxh5 Kxf4 56. Kg6 Kg4 57. h5 f4 58. h6 f3 59. h7 f2 60.
h8=Q f1=Q 61. Qh5+ Kg3 62. Qg5+ {Game drawn by mutual agreement} 1/2-1/2

[Event "Team 45 45 League T60"]
[Site "Internet Chess Club"]
[Date "2014.03.23"]
[Round "4"]
[White "Aquaman"]
[Black "jaybird44"]
[Result "1-0"]
[WhiteElo "1376"]
[BlackElo "1123"]
[Opening "Réti: King's Indian attack (Barcza system)"]
[ECO "A07"]
[Time "15:00:29"]
[TimeControl "2700+45"]

1. Nf3 d5 2. g3 Bg4 3. Bg2 Nc6 4. d3 Qd7 5. h3 Bh5 6. Nbd2 O-O-O 7. O-O e5 8. e4
d4 9. a4 Bb4 10. Kh2 Nge7 11. Qe1 f6 12. b3 Bf7 13. Ba3 g6 14. Qc1 f5 15. Ng5
Be6 16. Nxe6 Qxe6 17. exf5 Nxf5 18. Bxc6 Bxa3 19. Bxb7+ Kxb7 20. Qxa3 Ka8 21.
Ne4 h5 22. Ng5 Qd5 23. Ne4 h4 24. g4 Nd6 25. Qc5 Nxe4 26. Qxd5+ Rxd5 27. dxe4
Rc5 28. Rfc1 Rd8 29. Kg2 d3 30. cxd3 Rxc1 31. Rxc1 Rxd3 32. Rb1 Kb7 33. b4 Kb6
34. Rb2 Ra3 35. a5+ Kb5 36. f3 Ra4 37. Rc2 c6 38. Rc5+ Ka6 39. Rxc6+ Kb7 40.
Rxg6 Rxb4 41. a6+ Kc7 42. Rg7+ Kb6 43. Rg6+ Ka5 44. Rg5 Rb2+ 45. Kh1 Rb1+ 46.
Kg2 Rb2+ 47. Kf1 Rb1+ 48. Ke2 Rb2+ 49. Ke3 Rh2 50. Rxe5+ Kxa6 51. g5 Rxh3 52. g6
Rg3 53. Re6+ Kb7 54. Re7+ Kc8 55. g7 Kd8 56. Rxa7 h3 57. Kf2 Rg2+ 58. Kf1 Rg3
59. Ra8+ Ke7 60. g8=Q Rxg8 61. Rxg8 h2 62. Rh8 h1=Q+ 63. Rxh1 {Black resigns}
1-0

[Event "Team 45 45 League T60"]
[Site "Internet Chess Club"]
[Date "2014.03.22"]
[Round "4"]
[White "Rococo"]
[Black "Fogbound"]
[Result "1-0"]
[WhiteElo "1313"]
[BlackElo "1295"]
[Opening "Dutch"]
[ECO "A80"]
[Time "12:00:43"]
[TimeControl "2700+45"]

1. d4 f5 2. Bf4 Nf6 3. Nf3 e6 4. e3 Be7 5. Bd3 b6 6. c3 Bb7 7. Nbd2 d5 8. Qc2
Nbd7 9. Ne5 Nxe5 10. Bxe5 O-O 11. Bxf6 Bxf6 12. O-O-O Qe8 13. g4 Bc8 14. h4 g5
15. hxg5 Bxg5 16. gxf5 exf5 17. Rdg1 Qe7 18. Nf3 Rf7 19. Rxg5+ Rg7 20. Rxg7+
Kxg7 21. Bxf5 Bxf5 22. Qxf5 Kh8 23. Ng5 Kg8 24. Rxh7 Qe8 25. Rh3 Qe7 26. Qe6+
Qxe6 27. Nxe6 Re8 28. Nxc7 Re7 29. Nb5 a6 30. Rg3+ Kh7 31. Nd6 b5 32. Nf5 Rf7
33. Rf3 a5 34. Rf4 b4 35. cxb4 Rc7+ 36. Kb1 axb4 37. b3 Rc3 38. Ne7 Rd3 39. Nxd5
Rd1+ 40. Kc2 Ra1 41. Nxb4 Re1 42. Kd2 Rb1 43. d5 Rb2+ 44. Kc3 Rb1 45. d6 Rd1 46.
Rd4 Rc1+ 47. Nc2 Rg1 48. d7 Rg8 49. d8=Q Rxd8 50. Rxd8 Kg6 51. a4 Kf7 52. Rd4
{Black resigns} 1-0

[Event "Team 45 45 League T60"]
[Site "Internet Chess Club"]
[Date "2014.03.23"]
[Round "4"]
[White "artspir"]
[Black "wildangels"]
[Result "0-1"]
[WhiteElo "1278"]
[BlackElo "1142"]
[Opening "Queen's bishop game"]
[ECO "D02"]
[Time "10:01:00"]
[TimeControl "2700+45"]

1. d4 d5 2. Nf3 Nf6 3. Bf4 e6 4. Nbd2 Bd6 5. Bxd6 Qxd6 6. e3 c5 7. c3 Bd7 8. Be2
O-O 9. O-O Bc6 10. Ne5 a6 11. Nxc6 Nxc6 12. Nf3 b5 13. dxc5 Qxc5 14. Rc1 Rfd8
15. Nd4 Nxd4 16. exd4 Qd6 17. Qd3 e5 18. dxe5 Qxe5 19. f3 Rac8 20. Rfe1 d4 21.
Bf1 Qd5 22. Re2 Kf8 23. a4 Qg5 24. Rce1 dxc3 25. Qe3 Qxe3+ 26. Rxe3 Rd2 27. bxc3
Rcd8 28. axb5 a5 29. b6 Rb2 30. Bc4 Rxb6 31. Re7 Rd7 32. Rxd7 Nxd7 33. Ra1 Ke7
34. h4 Rc6 35. Re1+ Kd6 36. Rd1+ Kc5 37. Bxf7 Ne5 38. Rd5+ Kc4 39. Rxe5+ Kxc3
40. Re1 Kd2 41. Kf1 a4 42. Ba2 a3 43. Bb3 Rc3 44. Rd1+ Ke3 45. Re1+ Kd2 46. Re2+
Kc1 47. Re1+ Kb2 48. Bd5 Rd3 49. Re2+ Kc3 50. Be4 Rd1+ 51. Kf2 h6 52. Re3+ Kb4
53. Bc2 Rd2+ 54. Re2 Kc3 55. Rxd2 Kxd2 56. Bb1 Kc3 57. Ke2 Kb2 58. Bd3 a2 59. f4
a1=Q 60. f5 Ka3 61. g4 Qb2+ 62. Ke3 Qb6+ 63. Kd2 Kb4 64. g5 h5 65. f6 gxf6 66.
g6 Qf2+ 67. Be2 Qg3 68. Bxh5 Qxh4 69. g7 Qg5+ 70. Kd3 Qxg7 71. Ke4 Qg5 72. Bf7
f5+ 73. Ke5 f4+ 74. Kd6 f3 75. Bd5 f2 {White resigns} 0-1

[Event "Team 45 45 League T60"]
[Site "Internet Chess Club"]
[Date "2014.03.21"]
[Round "4"]
[White "Buford-Julep"]
[Black "AlliesterMX"]
[Result "0-1"]
[WhiteElo "1725"]
[BlackElo "1884"]
[Opening "Modern defense: Averbakh system"]
[ECO "A40"]
[Time "19:29:29"]
[TimeControl "2700+45"]

1. d4 g6 2. c4 Bg7 3. e4 d6 4. Nc3 c6 5. Be3 a6 6. a4 Qc7 7. Nf3 Bg4 8. Be2 Nd7
9. O-O Ngf6 10. Re1 O-O 11. h3 Bxf3 12. Bxf3 e5 13. b4 Rfe8 14. Qc2 Kh8 15. a5
Ng8 16. Red1 Ne7 17. Bg4 Nf6 18. Be2 Rac8 19. dxe5 dxe5 20. Bb6 Qb8 21. Rd7 Nxd7
{White resigns} 0-1

[Event "Team 45 45 League T60"]
[Site "Internet Chess Club"]
[Date "2014.03.22"]
[Round "4"]
[White "QuieroAprender"]
[Black "leopardc"]
[Result "1-0"]
[WhiteElo "1734"]
[BlackElo "1527"]
[Opening "Scandinavian (center counter) defense"]
[ECO "B01"]
[Time "11:14:40"]
[TimeControl "2700+45"]

1. e4 d5 2. exd5 Qxd5 3. Nc3 Qa5 4. d4 c6 5. Bd3 Qc7 6. Nf3 e6 7. O-O Nf6 8. Ne5
Nbd7 9. Bf4 Bd6 10. Nxd7 Bxd7 11. Bxd6 Qxd6 12. Ne2 O-O 13. c3 c5 14. dxc5 Qxc5
15. Nd4 Rfd8 16. Qc2 Qh5 17. h3 Rac8 18. Rad1 g6 19. Be2 Qc5 20. Nb3 Qc7 21. Rd4
a6 22. Rfd1 e5 23. Rd6 Bf5 24. Rxd8+ Rxd8 25. Rxd8+ Qxd8 26. Qd2 Qb6 27. g4 Be6
28. Qe3 Nd7 29. Qxb6 Nxb6 30. Nc5 Bc8 31. Bf3 f5 32. Bxb7 Bxb7 33. Nxb7 Na4 34.
gxf5 Nxb2 35. fxg6 hxg6 36. Nc5 a5 37. a4 Nd1 38. Nd7 Nxc3 39. Nxe5 Nxa4 40. Nc4
Kf7 41. Nxa5 Kf6 42. Nc4 Nc3 43. Kg2 Nd5 44. f3 Kf5 45. Kg3 Kg5 46. Nd6 Kf6 47.
h4 Ne7 48. Kg4 Ng8 49. Ne4+ Kg7 50. f4 Nh6+ 51. Kh3 Kf7 52. Nf2 Ke6 53. Ng4 Ng8
54. Ne3 Nh6 55. Kg3 Nf5+ 56. Nxf5 gxf5 57. Kf3 Kf7 58. Ke3 Kg6 59. Kd4 Kf6 60.
Kd5 Kf7 61. Ke5 Kg6 62. Ke6 {Black resigns} 1-0

[Event "Team 45 45 League T60"]
[Site "Internet Chess Club"]
[Date "2014.03.22"]
[Round "4"]
[White "GideonL"]
[Black "SirIvanhoe"]
[Result "0-1"]
[WhiteElo "1400"]
[BlackElo "1613"]
[Opening "Caro-Kann: classical variation"]
[ECO "B18"]
[Time "12:03:20"]
[TimeControl "2700+45"]

1. e4 c6 2. d4 d5 3. Nc3 dxe4 4. Nxe4 Bf5 5. Ng3 Bg6 6. Nf3 Nd7 7. Bd3 Bxd3 8.
Qxd3 Ngf6 9. O-O e6 10. Bg5 Be7 11. Rfe1 O-O 12. Ne4 Nxe4 13. Bxe7 Qxe7 14. Qxe4
Nf6 15. Qe5 Rad8 16. c3 Rd5 17. Qe3 Qc7 18. Ne5 Qe7 19. Qg3 Nd7 20. Nxd7 Qxd7
21. Re5 Rxe5 22. Qxe5 Rd8 23. Re1 Qd5 24. Qc7 Qd7 25. Qa5 b6 26. Qe5 Qd5 27. Qc7
Qd7 28. Qe5 Qd6 29. Qe2 Qd5 30. Qa6 Qd7 31. Re5 c5 32. g3 cxd4 33. cxd4 Qxd4 34.
Re2 Qd7 35. Qc4 Rc8 36. Rd2 Qb7 37. Rd1 g6 38. Qd4 Qc7 39. Qd7 Qc2 40. Rd2 Qc7
41. Qd4 Qc1+ 42. Kg2 Qc6+ 43. f3 Qd5 44. Qf4 Qxa2 45. Qf6 Qc4 46. Rd8+ {White
resigns} 0-1